 Dungeon Crawl Stone Soup version 0.28-a0-883-gc8d7bad45d (webtiles) character file.

Game seed: 1337281775470092330

78 Twinkles the Skirmisher (level 3, -7/31 HPs)
             Began as a Demigod Fighter on Nov 22, 2021.
             Killed from afar by Ijyb (26 damage)
             ... with a bolt of acid
             ... on level 2 of the Dungeon.
             The game lasted 00:05:40 (1986 turns).

Twinkles the Skirmisher (Demigod Fighter)           Turns: 1986, Time: 00:05:40

Health: -7/31      AC:  4    Str: 21    XL:     3   Next: 94%
Magic:  5/5        EV:  9    Int: 10    God:
Gold:   13         SH:  4    Dex: 13    Spells: 2/2 levels left

rFire   . . .      SeeInvis .     - Unarmed
rCold   . . .      Faith    .   b - +0 buckler
rNeg    . . .      Spirit   .   a - +0 scale mail
rPois   .          Reflect  .   (no helmet)
rElec   .          Harm     .   (no cloak)
rCorr   .          Rampage  .   d - +0 pair of gloves
Will    .....                   (no boots)
Stlth   ..........              (no amulet)
HPRegen 0.10/turn               (no ring)
MPRegen 0.09/turn               (no ring)

@: corroded
A: high mp 1, forlorn
a: no special abilities


You were on level 2 of the Dungeon.
You visited 1 branch of the dungeon, and saw 2 of its levels.

You collected 13 gold pieces.

Inventory:

Hand Weapons
 g - a +0 dagger
Missiles
 s - 34 stones (quivered)
Armour
 a - a +0 scale mail (worn)
 b - a +0 buckler (worn)
 d - a +0 pair of gloves (worn)
Scrolls
 e - a scroll of noise {unknown}
 h - a scroll of blinking {unknown}
 i - a scroll of teleportation {unknown}
 j - a scroll of magic mapping {unknown}
Potions
 c - a potion of lignification {unknown}
 f - a potion of ambrosia {unknown}
 M - a potion of might


   Skills:
 + Level 3.2 Fighting
 + Level 3.2 Armour
 + Level 3.2 Shields
 + Level 2.4 Unarmed Combat


You had 2 spell levels left.
You didn't know any spells.
Your spell library was empty.

Dungeon Overview and Level Annotations

Branches:
Dungeon (2/15)

Shops:
D:1 [

Annotations:
D:2 Ijyb


Innate Abilities, Weirdness & Mutations

Your attributes grow dramatically as you level up.
You have an increased reservoir of magic. (+10% MP)
You shall have no god before yourself.


Message History

A goblin comes into view. It is wielding a +0 club.
A goblin is nearby!
You hit the goblin.
The goblin is moderately wounded.
The goblin hits you but does no damage.
You hit the goblin.
The goblin is severely wounded.
The goblin barely misses you.
You hit the goblin.
You kill the goblin!
You hit the goblin.
The goblin is severely wounded.
The goblin hits you but does no damage.
You barely miss the goblin.
The goblin is severely wounded.
You hit the goblin.
You kill the goblin!
You completely miss the goblin. The goblin barely misses you.
You hit the goblin.
The goblin is moderately wounded.
The goblin hits you with a +0 club.
You hit the goblin.
The goblin is severely wounded.
You block the goblin's attack.
You closely miss the goblin.
The goblin is severely wounded.
The goblin hits you with a +0 club.
You hit the goblin.
You kill the goblin!
No target in view!
Items here: ))) †††.
Ijyb the Twisted Goblin comes into view.
She is wielding a +0 club and carrying a wand of acid (8).
Ijyb shouts!
You hear a shout! x3
Sorry, you're not good enough to have a special ability.
Unknown command.
Ijyb zaps a wand.
The bolt of acid hits you! The acid corrodes you!
Items here: ))) †††.
Ijyb zaps a wand.
The bolt of acid hits you!!
Ouch! That really hurt!
You die...

#.##.# #.# #...# #.##.#
#.####.## #.##.# #..)..#.# #
#.#####.##.# #.####.## #
#..........# #.##############
#######.#######...†...........
#.......#.##############
#######.#...# # #@###.# # #.#
#.# #)# #.# #.# #.# ##.# #.#
##### #g.# #.# #.... #.## ###
#.### #.8 #.# .... #.#


You could see Ijyb.

Vanquished Creatures
  2 adders (D:2)
  3 dart slugs
  2 endoplasms (D:1)
  4 giant cockroaches
  9 goblins
  2 hobgoblins (D:1)
  8 jackals (D:1)
  A kobold (D:2)
  2 quokkas (D:1)
  4 ball pythons (D:1)
  3 bats
  4 frilled lizards
  4 rats
48 creatures vanquished.

Notes
Turn   | Place    | Note
-------+----------+-------------------------------------------
     0 | D:1      | Twinkles the Demigod Fighter began the quest for the Orb.
     0 | D:1      | Reached XP level 1. HP: 18/18 MP: 3/3
   356 | D:1      | HP: 3/18 [frozen (4)]
   685 | D:1      | Reached XP level 2. HP: 25/25 MP: 4/4
  1154 | D:1      | Reached XP level 3. HP: 31/31 MP: 5/5
  1160 | D:1      | Found Afranal's Armour Shop.
  1981 | D:2      | Noticed Ijyb
  1986 | D:2      | Killed from afar by Ijyb

Illustrated notes

Levels and vault maps discovered:
D:1:      amcnicky_arrival_underground_garden, layout_basic, serial_shops, shop
D:2:      kennysheep_the_goblin_king, layout_loops_ring, serial_shops,
          nicolae_shop_competitors_out_of_business

Skill      XL: |  1  2 |
---------------+-------+-----
Unarmed Combat | 2 |  2.4
Fighting       | 3 |  3.2
Shields        | 3 |  3.2
Armour         | 3 |  3.2

Action                   || total
-------------------------++-------
Melee: Unarmed           ||   212
Armor: Scale mail        ||    93
Dodge: Dodged            ||    68
Block: Buckler           ||    37

Table legend: (Time is in decaauts)
 A = Elapsed time spent in this place.
 B = Non-inter-level travel time spent in this place.
 C = Inter-level travel time spent in this place.
 D = Time resting spent in this place.
 E = Time spent auto-exploring this place.
 F = Levels seen in this place.
 G = Mean time per level.
                   A        B        C        D        E       F      G
               +--------+--------+--------+--------+--------+-----+--------+
         Total |   1984 |   1797 |    187 |     22 |   1316 |   2 |  992.0 |
       Dungeon |   1984 |   1797 |    187 |     22 |   1316 |   2 |  992.0 |
               +--------+--------+--------+--------+--------+-----+--------+

Top non-repeatable levels by time:
     D:1: 1602 daAuts
     D:2: 381 daAuts
